 Dungeon Crawl Stone Soup version 0.20-a0-513-g02c11fc (webtiles) character file.

2864 junb69 the Fighter (level 10, -18/66 HPs)
             Began as a Kobold Gladiator on Jan 23, 2017.
             Was a Believer of Nemelex Xobeh.
             Demolished by a red ugly thing (23 damage)
             ... on level 6 of the Dungeon.
             The game lasted 00:22:48 (9216 turns).

junb69 the Fighter (Kobold Gladiator)               Turns: 9216, Time: 00:22:49

Health: -18/66     AC: 10    Str: 15    XL:     10   Next: 4%
Magic:  14/14      EV: 17    Int: 13    God:    Nemelex Xobeh [**....]
Gold:   399        SH:  2    Dex: 22    Spells: 9/9 levels left

rFire    . . .     SeeInvis .   a - +0 rapier
rCold    . . .     Gourm    .   r - +0 ring mail
rNeg     . . .     Faith    .   (shield restricted)
rPois    .         Spirit   .   H - +2 helmet {Int+3}
rElec    .         Reflect  +   (no cloak)
rCorr    .         Harm     .   F - +0 pair of gloves
MR       .....                  (no boots)
Stlth    +.........             D - +2 amulet of reflection
Regen    0.3/turn               B - ring of wizardry
                                G - +6 ring of dexterity

@: no status effects
A: carnivore 3
a: Renounce Religion


You were on level 6 of the Dungeon.
You worshipped Nemelex Xobeh.
Nemelex Xobeh was pleased with you.
You were very full.

You visited 1 branch of the dungeon, and saw 6 of its levels.

You collected 399 gold pieces.

Inventory:

Hand Weapons
 a - a +0 rapier (weapon)
 t - a +1 dagger of draining
Missiles
 d - 3 throwing nets (quivered)
Armour
 r - a +0 ring mail (worn)
 F - a +0 pair of gloves (worn)
 H - a +2 helmet of intelligence (worn)
Jewellery
 b - an uncursed ring of flight
 e - an uncursed amulet of magic regeneration {unknown}
 B - a ring of wizardry (right hand)
 D - a +2 amulet of reflection (around neck)
 G - a +6 ring of dexterity (left hand)
 J - an uncursed ring of resist corrosion {unknown}
Wands
 z - a wand of polymorph (10/24)
 A - a wand of confusion (15/48)
Scrolls
 g - 2 scrolls of amnesia
 h - 3 scrolls of remove curse
 k - 3 scrolls of recharging
 l - a scroll of enchant armour {unknown}
 o - 5 scrolls of teleportation
 q - a scroll of enchant weapon {unknown}
 s - 2 scrolls of immolation {unknown}
 w - a scroll of blinking {unknown}
 y - 2 scrolls of fog
 C - a scroll of magic mapping {unknown}
Potions
 c - a potion of brilliance {unknown}
 i - 2 potions of berserk rage {unknown}
 j - 5 potions of curing
 m - a potion of agility {unknown}
 n - 3 potions of lignification {unknown}
 p - 2 potions of heal wounds {unknown}
Comestibles
 f - 2 meat rations
 u - 4 royal jellies
 I - 10 chunks of flesh


   Skills:
 * Level 9.5 Fighting
 - Level 8.4 Short Blades
 - Level 2.1 Throwing
 * Level 4.4 Armour
 - Level 5.4 Dodging
 - Level 5.7 Evocations


You had 9 spell levels left.
You didn't know any spells.

Dungeon Overview and Level Annotations

Branches:
Dungeon (6/15)
 Temple: D:4-7

Altars:
Dithmenos
Gozag
Hepliaklqana
Nemelex Xobeh
Xom


Innate Abilities, Weirdness & Mutations

You are small and have problems with some larger weapons.
You are carnivorous and can eat meat at any time.


Message History

The now-empty bag unravels in your hand.
The red ugly thing headbutts you.
You are engulfed in flames!!
* * * LOW HITPOINT WARNING * * *
Unknown command.
The red ugly thing is no longer covered in acid.
What are your orders? t - Shout!
Orders for allies: a - Attack new target. p - Attack previous target. r - Retreat! s - Stop attacking. g - Guard the area. f - Follow me.
Anything else - Cancel.
Gang up on whom?
Press: ? - help, Dir - move target cursor, f/p - red ugly thing
Aim: a red ugly thing (almost dead)
Okay, then.
The red ugly thing headbutts you!
* * * LOW HITPOINT WARNING * * *
You are engulfed in flames!!
You die...
Your body disappears without a glow.

..## #.....# #.##....#
...####.....######..#....#
##..............(...)...<######
######.############..........#
#######[..###### ##..........#
...............# ##a.#.....#..##
##############.###.a.##...##...##
#.##...[###.###....#
#.#@u###[##.##.###.#
#.....###.#.#.###..#
##.##..####.####..##
#.###.....⌠.....##
#..#..####.####..##
##...###.#.#.###..#
#..###.##.##.###.#
#.....###.###....#
#.....##...##...##


You could see a red ugly thing and 2 friendly soldier ants.

Vanquished Creatures
  Pikel (D:5)
  A kobold demonologist (D:6)
  Sigmund (D:2)
  An ice beast (D:4)
  The ghost of Yoshimo the Slasher, an amateur MiGl (D:4)
  3 ogres (D:4)
  A centaur (D:3)
  3 scorpions
  A crimson imp (D:4)
  A bullfrog zombie (D:6)
  2 hounds (D:4)
  A bullfrog skeleton (D:5)
  3 orc priests
  A jelly (D:3)
  3 orc wizards
  Ijyb (D:2)
  Natasha (D:3)
  2 worker ants
  Robin (D:2)
  A worker ant zombie (D:5)
  46 gnolls
  4 adders
  A shadow imp (D:2)
  An adder zombie (D:5)
  2 worms
  5 dart slugs
  3 leopard geckos
  21 orcs
  4 giant cockroaches
  6 hobgoblins
  26 jackals
  2 quokkas
  A ball python (D:2)
  4 bats
  2 frilled lizards
  17 goblins
  9 kobolds
  3 rats
187 creatures vanquished.

Vanquished Creatures (collateral kills)
  Menkaure (D:6)
  4 wights (D:6)
  An iguana (D:6)
  A leopard gecko (D:6)
  A quokka (D:6)
  A ball python (D:6)
9 creatures vanquished.

Vanquished Creatures (others)
  A crimson imp (D:6)
  A ball lightning (D:4)
  An orc (D:6)
  A jackal (D:4)
4 creatures vanquished.

Grand Total: 200 creatures vanquished

Notes
Turn   | Place    | Note
-------+----------+-------------------------------------------
     0 | D:1      | junb69 the Kobold Gladiator began the quest for the Orb.
     0 | D:1      | Reached XP level 1. HP: 12/12 MP: 1/1
   133 | D:1      | Reached XP level 2. HP: 18/18 MP: 2/2
   446 | D:2      | Noticed Robin
   451 | D:1      | Reached XP level 3. HP: 15/22 MP: 3/3
   476 | D:1      | Reached skill level 3 in Fighting
   787 | D:2      | Reached skill level 5 in Short Blades
   949 | D:2      | Found a hazy altar of Hepliaklqana.
  1056 | D:2      | Noticed Sigmund
  1402 | D:2      | Reached XP level 4. HP: 26/28 MP: 4/4
  1435 | D:2      | Killed Robin
  1672 | D:2      | Found a sparkling altar of Nemelex Xobeh.
  1682 | D:2      | Became a worshipper of Nemelex Xobeh the Trickster
  1797 | D:2      | Noticed Ijyb
  1813 | D:2      | Killed Ijyb
  1833 | D:2      | Found a shimmering altar of Xom.
  1890 | D:2      | Received a gift from Nemelex Xobeh
  1928 | D:2      | Reached skill level 4 in Fighting
  1928 | D:2      | Reached XP level 5. HP: 22/33 MP: 5/5
  2180 | D:2      | Killed Sigmund
  2180 | D:2      | Reached skill level 5 in Fighting
  2180 | D:2      | Reached XP level 6. HP: 23/40 MP: 6/6
  2310 | D:3      | Noticed Natasha
  2513 | D:3      | Noticed Terence
  2519 | D:3      | Noticed Terence
  2519 | D:3      | Terence changed into Terence the bat
  2521 | D:3      | Killed Terence the bat
  2552 | D:3      | Noticed Natasha
  2552 | D:3      | Natasha changed into Natasha the gnoll
  2567 | D:3      | Killed Natasha the gnoll
  2616 | D:3      | Noticed Natasha
  3043 | D:3      | Killed Natasha
  3043 | D:3      | Reached XP level 7. HP: 40/44 MP: 7/9
  3104 | D:3      | Found an opulent altar of Gozag.
  4129 | D:3      | Reached skill level 6 in Fighting
  4206 | D:4      | Noticed Yoshimo's ghost (amateur MiGl)
  4246 | D:4      | Reached * piety under Nemelex Xobeh
  4382 | D:4      | Noticed Grinder
  4685 | D:4      | Reached XP level 8. HP: 52/52 MP: 9/11
  4814 | D:4      | Paralysed by Grinder for 7 turns
  4821 | D:4      | Noticed Grinder
  4821 | D:4      | Grinder changed into Grinder the crimson imp
  4827 | D:4      | Killed Grinder the crimson imp
  5091 | D:4      | Reached skill level 5 in Evocations
  5152 | D:4      | Reached skill level 7 in Fighting
  5348 | D:4      | Killed Yoshimo's ghost
  6463 | D:4      | Reached skill level 8 in Fighting
  6726 | D:4      | Reached XP level 9. HP: 29/59 MP: 13/13
  7407 | D:3      | Reached skill level 1 in Armour
  7563 | D:5      | Entered Level 5 of the Dungeon
  7793 | D:5      | Reached skill level 5 in Dodging
  7833 | D:5      | Found a shadowy altar of Dithmenos.
  8286 | D:5      | Reached ** piety under Nemelex Xobeh
  8728 | D:6      | Noticed a kobold demonologist
  8746 | D:6      | Killed a kobold demonologist
  8845 | D:6      | Noticed a red ugly thing
  9032 | D:6      | Received a gift from Nemelex Xobeh
  9039 | D:6      | Noticed Menkaure
  9047 | D:6      | Killed Menkaure
  9057 | D:6      | Reached skill level 9 in Fighting
  9072 | D:6      | Noticed Pikel
  9131 | D:5      | Killed Pikel
  9131 | D:5      | Reached XP level 10. HP: 47/66 MP: 14/14
  9216 | D:6      | Demolished by a red ugly thing

Vault maps used:
D:1:      tarquinn_simple_flora_water_a
D:2:      overflow_temple_1_default, nicolae_overflow_crystal_walls,
          serial_forest, infiniplex_forest_clump_curved,
          infiniplex_forest_end_1, infiniplex_forest_pool,
          infiniplex_forest_lined_3, infiniplex_forest_corner_1,
          infiniplex_forest_lined_3, infiniplex_forest_zigzag_2,
          infiniplex_forest_end_2, infiniplex_forest_lined_room_,
          infiniplex_forest_lined_room_3, nemelex_spade_bored_becter,
          uniq_sigmund, uniq_robin, uniq_iyjb
D:3:      grunt_gozag_statues, first_bread, uniq_natasha, uniq_terence
D:4:      lemuel_castle_with_subvaults, cheibrodos_gnoll_hut, uniq_grinder
D:5:      nicolae_dithmenos_the_darkroom
D:6:      makhleb_altar_promises_db, eat_drink_and_be_merry_uskayaw, kb_rosetta,
          uniq_menkaure, uniq_pikel, uniq_crazy_yiuf_cottage

Skill      XL: |  1  2  3  4  5  6  7  8  9 |
---------------+----------------------------+-----
Fighting       | 3 4 5 6 8 9 |  9.5
Short Blades   | 5 6 7 8 |  8.4
Evocations     | 2 4 5 |  5.7
Dodging        | 5 |  5.4
Armour         | 4 |  4.4
Throwing       | |  2.1

Action                   |  1- 3 |  4- 6 |  7- 9 | 10-12 || total
-------------------------+-------+-------+-------+-------++-------
Melee: Rapier            |   112 |   123 |   645 |     8 ||   888
       Unarmed           |     6 |       |       |       ||     6
       Dagger            |       |    36 |       |       ||    36
Throw: Throwing net      |     1 |     2 |     1 |       ||     4
Evoke: Wand              |       |     3 |     9 |       ||    12
       Deck              |       |       |    11 |     5 ||    16
       Sack of spiders   |       |       |       |     1 ||     1
  Use: Potion            |       |     1 |     1 |       ||     2
       Scroll            |       |       |     7 |       ||     7
 Stab: Sleeping          |     1 |       |       |       ||     1
       Distracted        |     1 |       |       |       ||     1
       Held in net/web   |       |     2 |     1 |       ||     3
       Confused          |       |       |     6 |       ||     6
  Eat: Chunk             |     9 |     6 |    18 |     2 ||    35
Armor: Leather armour    |     9 |       |       |       ||     9
       Ring mail         |     9 |    36 |   139 |     1 ||   185
Dodge: Dodged            |   100 |    88 |   399 |     9 ||   596
Block: Other             |       |       |    24 |       ||    24
